 Dungeon Crawl Stone Soup version 0.25.1-2-g60ff931df9 (webtiles) character file.

Game seed: 10128439909953422216

7165 Froggeryz the Basher (level 11, -3/71 HPs)
             Began as a Gargoyle Chaos Knight on Sept 6, 2020.
             Was a Plaything of Xom.
             Slain by a death yak (21 damage)
             ... on level 9 of the Dungeon.
             The game lasted 00:19:11 (12870 turns).

Froggeryz the Basher (Gargoyle Chaos Knight)       Turns: 12870, Time: 00:19:12

Health: -3/71      AC: 12    Str: 16    XL:     11   Next: 11%
Magic:  11/11      EV:  9    Int: 14    God:    Xom [..*...]
Gold:   451        SH:  0    Dex:  9    Spells: 10/10 levels left

rFire    + . .     SeeInvis .   r - +2 flail (protect)
rCold    + . .     Gourm    .   (no shield)
rNeg     + + .     Faith    .   n - +0 scale mail
rPois    ∞         Spirit   .   (helmet unavailable)
rElec    +         Reflect  .   l - +0 cloak
rCorr    .         Harm     .   (no gloves)
MR       .....                  (no boots)
Stlth    ..........             (no amulet)
HPRegen  0.21/turn              F - ring of protection from fire
MPRegen  0.12/turn              M - ring of positive energy

@: hasted, very quick
A: horns 3, cold resistance 1, deformed body, negative energy resistance 1,
screaming 1, electricity resistance, weak 1, unbreathing, petrification
resistance, rot immunity, AC +8
a: Renounce Religion


You were on level 9 of the Dungeon.
You worshipped Xom.
You were a toy of Xom.
You were not hungry.

You visited 2 branches of the dungeon, and saw 10 of its levels.

You collected 451 gold pieces.

Inventory:

Hand Weapons
 k - a +3 quarterstaff of chaos
 r - a +2 flail of protection (weapon)
 w - a +1 morningstar of holy wrath
 I - a +0 whip of distortion
Missiles
 u - 33 poisoned darts (quivered)
Armour
 l - a +0 cloak (worn)
 n - a +0 scale mail (worn)
 p - a +0 helmet
 N - a +0 kite shield
Jewellery
 z - an uncursed ring of fire
 F - a ring of protection from fire (left hand)
 M - a ring of positive energy (right hand)
Wands
 G - a wand of random effects (8)
 H - a wand of digging (7)
 K - a wand of flame (15)
 P - a wand of paralysis (7)
 Q - a wand of acid (7)
 R - a wand of iceblast (8)
Scrolls
 a - 7 scrolls of remove curse
 b - 2 scrolls of immolation {unknown}
 d - a scroll of enchant armour
 g - 12 scrolls of identify
 h - a scroll of amnesia
 o - a scroll of noise {unknown}
 v - 2 scrolls of magic mapping {unknown}
 x - 2 scrolls of fog {unknown}
 y - 3 scrolls of enchant weapon {unknown}
 A - a scroll of acquirement {unknown}
 B - 3 scrolls of teleportation
 C - 3 scrolls of random uselessness {unknown}
 D - a scroll of brand weapon {unknown}
 J - a scroll of fear {unknown}
Potions
 e - a potion of curing
 i - a potion of ambrosia {unknown}
 j - 5 potions of stabbing {unknown}
 m - 12 potions of degeneration
 s - 3 potions of brilliance {unknown}
 t - 2 potions of mutation {unknown}
 E - a potion of flight {unknown}
 L - a potion of resistance {unknown}
Comestibles
 c - 27 rations
 q - 2 chunks of flesh


   Skills:
 + Level 9.5 Fighting
 * Level 13.9 Maces & Flails
 - Level 2.1 Armour
 - Level 0.7 Dodging
 + Level 3.6 Shields


You had 10 spell levels left.
You didn't know any spells.
Your spell library contained the following spells:

 Spells                   Type           Power        Failure   Level  Hunger
 Corona                   Hex            #......      71%         1    ##.....
 Ensorcelled Hibernation  Hex/Ice        #.....       85%         2    ###....
 Confusing Touch          Hex            #.......     97%         3    ####...
 Dazzling Flash           Conj/Hex       #.....       97%         3    ####...
 Tukima's Dance           Hex            #.......     97%         3    ####...


Dungeon Overview and Level Annotations

Branches:
Dungeon (9/15)             Temple (1/1) D:5            Lair (0/6) D:9
    Orc (0/2) D:9

Altars:
Elyvilon
Gozag
Hepliaklqana
Kikubaaqudgha
Makhleb
Okawaru
Trog
Uskayaw
Wu Jian
Xom
Yredelemnul
The Shining One

Annotations:
D:8 1 runed translucent door, Jukra's ghost, novice MiBe


Innate Abilities, Weirdness & Mutations

You are resistant to torment.
Your stone body is resilient. (AC +8)
You are immune to poison.
You resist negative energy. (rN+)
You are resistant to electric shocks. (rElec)
You can survive without breathing.
You are immune to petrification.
You are immune to rotting.
You have a pair of large horns on your head.
Your flesh is cold resistant. (rC+)
Armour fits poorly on your strangely shaped body.
You occasionally shout uncontrollably at your foes.
You are weak. (Str -2)


Message History

Aiming: Random Effects
Press: ? - help, Shift-Dir - straight line, f - yak, p - yak
Aim: a yak Nothing appears to happen.
Something gores you!!
The yak snorts and paws the ground.
Something gores you! Something gores you. Something gores you!
* * * LOW HITPOINT WARNING * * *
Something gores you!
* * * LOW HITPOINT WARNING * * *
Okay, then.
You feel yourself speed up. Something gores you!
You die... "Oh, no, you don't!"
Xom revives you!
Unknown command.
Something gores you!!
You die...
Xom guffaws!

#...###Y.#####....##.#### #
#...####Y#.......###...(## #
#..........#...### ####..# ##
#...#####Y###### ##.# #.
#...#####Y###### ####.# ##.
#...#..........# ###....###..
#####..........####........###
#..............^........##
#........@.##............#
#...<.......#....^...^....
###########.^.....^.......
#.......^..^....
#......^........
#....^^.........
#..............#
##.....^.^.....#
#............##


You could see 2 yaks.

Vanquished Creatures
  A death yak (D:8)
  2 two-headed ogres (D:8)
  Joseph (D:7)
  A hippogriff (D:9)
  A spriggan (D:8)
  3 hungry ghosts
  Duvessa (D:7)
  Edmund (D:5)
  A swamp drake (D:9)
  5 orc warriors
  2 black bears (D:9)
  A sky beast (D:9)
  5 ice beasts
  3 ogres
  4 centaurs
  Blork the orc (D:5)
  A big kobold (D:7)
  4 bullfrogs
  Dowan (D:7)
  3 scorpions
  A jelly (D:5)
  2 vampire bats (D:8)
  A howler monkey (D:8)
  5 crimson imps
  6 orc priests
  4 hounds
  Crazy Yiuf (D:2)
  A bullfrog skeleton (D:5)
  3 iguanas
  Terence (D:2)
  6 orc wizards
  A killer bee zombie (D:5)
  6 worker ants
  2 worker ant zombies
  14 gnolls
  A howler monkey skeleton (D:4)
  8 adders
  4 shadow imps
  An adder skeleton (D:7)
  3 worms
  11 leopard geckos
  32 orcs
  5 giant cockroaches
  6 goblins
  16 hobgoblins
  24 jackals
  4 quokkas
  A ball python (D:1)
  15 bats
  5 frilled lizards
  A jackal skeleton (D:5)
  A jackal zombie (D:5)
  27 kobolds
  9 rats
270 creatures vanquished.

Notes
Turn   | Place    | Note
-------+----------+-------------------------------------------
     0 | D:1      | Froggeryz the Gargoyle Chaos Knight began the quest for the
                  | Orb.
     0 | D:1      | Reached XP level 1. HP: 14/14 MP: 1/1
     3 | D:1      | XOM: silly message
    22 | D:1      | XOM: silly message
    31 | D:1      | XOM: butterfly on damage
   310 | D:1      | XOM: silly message
   338 | D:1      | Reached XP level 2. HP: 9/19 MP: 2/2
   569 | D:1      | XOM: noise
   718 | D:1      | XOM: scenery: 2 doors close
   727 | D:1      | XOM: butterfly on damage
   754 | D:1      | Reached skill level 4 in Maces & Flails
   849 | D:1      | XOM: 4-stop teleportation journey
   997 | D:1      | Reached XP level 3. HP: 22/23 MP: 3/3
  1718 | D:2      | Found a glowing golden altar of the Shining One.
  1720 | D:2      | Noticed an angel
  1784 | D:2      | Noticed Terence
  1789 | D:2      | XOM: smoke on damage
  1795 | D:2      | Killed Terence
  1795 | D:2      | Reached skill level 5 in Maces & Flails
  1795 | D:2      | Reached XP level 4. HP: 13/28 MP: 4/4
  1965 | D:2      | XOM: 1-stop teleportation journey
  2184 | D:2      | XOM: silly message
  2216 | D:2      | XOM: summons 3 hostile demons
  2217 | D:2      | Noticed a chaos spawn
  2217 | D:2      | Noticed a red devil
  2494 | D:2      | XOM: cloud trail
  2496 | D:2      | Found a basalt altar of Yredelemnul.
  2571 | D:2      | XOM: silly message
  2655 | D:2      | Found a hazy altar of Hepliaklqana.
  2813 | D:2      | Found a runed translucent door.
  2814 | D:2      | Noticed Crazy Yiuf
  2858 | D:2      | Found a burning altar of Makhleb.
  2865 | D:2      | XOM: summons 4 friendly demons
  2866 | D:2      | Reached XP level 5. HP: 31/32 MP: 5/5
  3011 | D:2      | XOM: swap monsters
  3014 | D:2      | Killed Crazy Yiuf
  3059 | D:3      | Found an ancient bone altar of Kikubaaqudgha.
  3124 | D:3      | XOM: 4-stop teleportation journey
  3151 | D:3      | Found an opulent altar of Gozag.
  3169 | D:3      | Reached skill level 6 in Maces & Flails
  3248 | D:3      | XOM: 5-stop teleportation journey
  3269 | D:3      | Found a hide-covered altar of Uskayaw.
  3362 | D:3      | XOM: 8-stop teleportation journey
  3891 | D:4      | XOM: summons 4 hostile shadow creatures
  3892 | D:4      | Noticed a phantom
  4241 | D:4      | Reached XP level 6. HP: 34/37 MP: 6/6
  4496 | D:4      | Reached skill level 7 in Maces & Flails
  4648 | D:4      | XOM is BORED!
  4648 | D:4      | XOM: give mutations
  4648 | D:4      | Gained mutation: Armour fits poorly on your strangely
                  | shaped body. [Xom's mischief]
  4648 | D:4      | Gained mutation: You are partially covered in yellow
                  | scales. (AC +2) [Xom's mischief]
  4648 | D:4      | Gained mutation: You occasionally shout uncontrollably at
                  | your foes. [Xom's mischief]
  4648 | D:4      | Gained mutation: Your large and strong wings let you fly
                  | indefinitely. [Xom's mischief]
  4879 | D:4      | XOM: give mutations
  4879 | D:4      | Lost mutation: Your large and strong wings let you fly
                  | indefinitely. [Xom's mischief]
  4879 | D:4      | Lost mutation: You are partially covered in yellow scales.
                  | (AC +2) [Xom's mischief]
  4879 | D:4      | Gained mutation: Scrolls take you a little longer to read.
                  | [Xom's mischief]
  4879 | D:4      | Gained mutation: You are agile. (Dex +2) [Xom's mischief]
  4924 | D:4      | Reached XP level 7. HP: 31/41 MP: 7/7
  5061 | D:4      | XOM: 1-stop teleportation journey
  5336 | D:4      | XOM: summons 4 hostile demons
  5384 | D:5      | Entered Level 5 of the Dungeon
  5417 | D:5      | XOM: summons 4 hostile demons
  5424 | D:5      | XOM: smoke on damage
  5426 | D:5      | Reached skill level 8 in Maces & Flails
  5437 | D:5      | XOM: swap monsters
  5451 | D:5      | XOM: scenery: create altars
  5482 | D:5      | XOM: polymorph giant cockroach -> bat
  5489 | D:5      | XOM: cleaving
  5684 | D:5      | Noticed Edmund
  5694 | D:5      | XOM: summons friendly iron imp
  5700 | D:5      | Killed Edmund
  6030 | D:5      | XOM: polymorph worker ant -> hound
  6043 | D:5      | Reached skill level 9 in Maces & Flails
  6231 | D:5      | Reached XP level 8. HP: 35/46 MP: 8/8
  6253 | D:5      | XOM: give mutations
  6253 | D:5      | Gained mutation: You have sharp toenails. [Xom's grace]
  6253 | D:5      | Gained mutation: You have an increased reservoir of magic.
                  | (+10% MP) [Xom's grace]
  6253 | D:5      | Gained mutation: Your muscles are strong. (Str +2) [Xom's
                  | grace]
  6253 | D:5      | Gained mutation: You are partially covered in thin metallic
                  | scales. (AC +2) [Xom's grace]
  6516 | D:5      | Found a staircase to the Ecumenical Temple.
  6526 | Temple   | Entered the Ecumenical Temple
  6769 | D:5      | XOM: scenery: 1 doors open
  6808 | D:5      | Noticed Blork the orc
  6815 | D:5      | Killed Blork the orc
  6907 | D:5      | XOM: stat loss: -1 Str (18/19)
  6925 | D:6      | XOM: noise
  6948 | D:5      | Reached skill level 10 in Maces & Flails
  7061 | D:5      | XOM: give mutations
  7061 | D:5      | Lost mutation: Your muscles are strong. (Str +2) [Xom's
                  | mischief]
  7061 | D:5      | Lost mutation: You are partially covered in thin metallic
                  | scales. (AC +2) [Xom's mischief]
  7061 | D:5      | Lost mutation: You have sharp toenails. [Xom's mischief]
  7061 | D:5      | Gained mutation: Your body sometimes deteriorates upon
                  | taking damage. [Xom's mischief]
  7328 | D:6      | Found an ornate altar of the Wu Jian Council.
  7357 | D:6      | XOM: draining
  7507 | D:6      | Reached skill level 5 in Fighting
  7654 | D:6      | XOM: silly message
  8017 | D:6      | XOM: 3-stop teleportation journey
  8022 | D:6      | XOM: cast spell 'Cause Fear'
  8109 | D:6      | Reached XP level 9. HP: 31/54 MP: 9/9
  8203 | D:6      | XOM: silly message
  8413 | D:6      | XOM: divination: detect items
  8482 | D:7      | Found an iron altar of Okawaru.
  8555 | D:7      | XOM: divination: magic mapping
  8603 | D:7      | Noticed Dowan
  8608 | D:7      | Noticed Duvessa
  8629 | D:7      | XOM: divination: magic mapping
  8744 | D:7      | Killed Duvessa
  8847 | D:7      | Killed Dowan
  8847 | D:7      | Reached skill level 11 in Maces & Flails
  9024 | D:7      | Found a bloodstained altar of Trog.
  9042 | D:7      | XOM: silly message
  9067 | D:7      | Noticed Joseph
  9096 | D:7      | XOM: summons friendly crimson imp
  9103 | D:7      | Killed Joseph
  9108 | D:7      | XOM: cloud trail
  9409 | D:7      | HP: 1/56 [kobold/+0 whip of distortion (22)]
  9606 | D:7      | XOM: divination: detect items
  9796 | D:8      | XOM: potion effect (haste)
  9880 | D:8      | XOM: enchant monster (good)
  9886 | D:8      | Reached skill level 12 in Maces & Flails
 10006 | D:8      | Found a runed translucent door.
 10006 | D:8      | Noticed Jukra's ghost (novice MiBe)
 10067 | D:8      | XOM: give mutations
 10067 | D:8      | Lost mutation: You have an increased reservoir of magic.
                  | (+10% MP) [Xom's mischief]
 10067 | D:8      | Gained mutation: You are weak. (Str -2) [Xom's mischief]
 10121 | D:8      | XOM: scenery: create altars
 10124 | D:8      | XOM: butterfly on damage
 10285 | D:8      | XOM: 5-stop teleportation journey
 10329 | D:8      | Noticed a two-headed ogre
 10342 | D:8      | Killed a two-headed ogre
 10342 | D:8      | Reached XP level 10. HP: 23/64 MP: 10/10
 10535 | D:8      | XOM: summons 3 hostile shadow creatures
 10567 | D:8      | Noticed a two-headed ogre
 10633 | D:7      | XOM: cloud trail
 10661 | D:8      | Killed a two-headed ogre
 10661 | D:8      | Reached skill level 13 in Maces & Flails
 10827 | D:8      | XOM: summons 6 hostile demons
 11099 | D:8      | XOM: give mutations
 11099 | D:8      | Gained mutation: You have a pair of small horns on your
                  | head. [Xom's grace]
 11099 | D:8      | Gained mutation: Your flesh is cold resistant. (rC+) [Xom's
                  | grace]
 11099 | D:8      | Gained mutation: You have a pair of horns on your head.
                  | [Xom's grace]
 11112 | D:8      | XOM: polymorph centaur -> howler monkey
 11207 | D:8      | XOM: god gift: wand of acid (7)
 11292 | D:8      | XOM: cleaving
 11294 | D:8      | Reached skill level 1 in Shields
 11702 | D:8      | XOM: cloud trail
 11754 | D:9      | Found a staircase to the Orcish Mines.
 11765 | D:9      | XOM: cleaving
 11893 | D:9      | XOM: give mutations
 11893 | D:9      | Lost mutation: You are agile. (Dex +2) [Xom's mischief]
 11893 | D:9      | Gained mutation: You have a pair of large horns on your
                  | head. [Xom's mischief]
 11893 | D:9      | Lost mutation: Your body sometimes deteriorates upon taking
                  | damage. [Xom's mischief]
 11893 | D:9      | Lost mutation: Scrolls take you a little longer to read.
                  | [Xom's mischief]
 12102 | D:9      | XOM: summons 2 friendly demons
 12157 | D:9      | Found a staircase to the Lair.
 12158 | D:9      | Noticed a death yak
 12159 | D:9      | Noticed a death yak
 12159 | D:9      | Noticed a death yak
 12167 | D:9      | XOM: summons 5 friendly demons
 12195 | D:8      | XOM: summons 2 friendly demons
 12201 | D:8      | XOM: cast spell 'Ring of Flames'
 12207 | D:8      | XOM: potion effect (berserk rage)
 12208 | D:8      | XOM: potion effect (might)
 12211 | D:8      | XOM: enchant monster (good)
 12212 | D:8      | Killed a death yak
 12212 | D:8      | Reached XP level 11. HP: 64/71 MP: 11/11
 12220 | D:9      | XOM: potion effect (might)
 12225 | D:8      | XOM: silly message
 12284 | D:8      | XOM: cloud trail
 12847 | D:9      | XOM: divination: magic mapping
 12863 | D:9      | Xom revived you
 12870 | D:9      | Slain by a death yak

Illustrated notes

Levels and vault maps discovered:
D:1:      lemuel_arrival_behind_the_door_small, layout_basic
D:2:      minmay_general_purpose_star, layout_loops_ring,
          grunt_temple_overflow_holy_war, makhleb_grotto_becter,
          lemuel_crystal_altar, minmay_stone_trees_medium,
          minmay_misc_feat_pillars, feat_on_display, uniq_terence,
          uniq_crazy_yiuf_cottage
D:3:      layout_loops_cross, eat_drink_and_be_merry_uskayaw,
          lemuel_crystal_altar, grunt_gozag_statues, first_ration, nrook_uturn,
          chequers_mini_garden, minmay_distorted
D:4:      corexii_shantytown, layout_basic
D:5:      layout_basic, temple_hall, kennysheep_big_empty_room,
          nrook_mini_vaults, minmay_joined_circles, uniq_edmund,
          uniq_blork_the_orc
D:6:      layout_basic, overflow_temple_1_default
D:7:      layout_basic, bloody_trog, okawaru_metal_pillars_1_2, uniq_duvessa,
          uniq_joseph
D:8:      layout_loops_corners, hellmonk_ghost_happy_afterlife, the_bakery,
          chequers_jeans, roderic_batcave
D:9:      layout_rooms, dpeg_lair_monsters, erik_orc_1, minmay_holes,
          uniq_harold
Temple:   minmay_temple_forest_path

Skill      XL: |  1  2  3  4  5  6  7  8  9 10 |
---------------+-------------------------------+-----
Maces & Flails | 4 5 6 7 9 10 12 13 | 13.9
Fighting       | 5 8 9 |  9.5
Shields        | 3 |  3.6
Armour         | |  2.1
Dodging        | |  0.7

Action                   |  1- 3 |  4- 6 |  7- 9 | 10-12 || total
-------------------------+-------+-------+-------+-------++-------
Melee: Mace              |   170 |       |       |       ||   170
       Flail             |       |   323 |   486 |   290 ||  1099
       Kick              |       |       |    17 |       ||    17
       Headbutt          |       |       |       |    30 ||    30
Throw: Dart              |       |       |    11 |       ||    11
Evoke: Wand              |       |       |     7 |     7 ||    14
  Use: Potion            |     1 |       |     1 |     1 ||     3
       Scroll            |     4 |     3 |       |     2 ||     9
 Stab: Distracted        |     1 |       |       |       ||     1
       Confused          |     1 |       |       |       ||     1
       Paralysed         |     2 |       |     7 |     2 ||    11
  Eat: Chunk             |     3 |     7 |    19 |    11 ||    40
       Ration            |       |     1 |       |     1 ||     2
Armor: Leather armour    |   127 |    10 |       |       ||   137
       Scale mail        |       |   232 |   375 |   159 ||   766
Dodge: Dodged            |   166 |   212 |   314 |    93 ||   785
